amy, neutral female human Ranger ### #...............}..................... .. #...##.........}....#................ ##.. #.....#...##....}.............#...... #... ##........##....}.%.....^.........#.. .... #.............}.}.#................. ..#...### #.............}.}..##............... #......####.............}..............)..... #......###.......#......}................... #.@)))##...............}.................. ##s....C...............}.....#............ ###..##...............}........%......... #####.....#..........}................. #..%...........##.}................ ##..............##.}.......##....... #..............^...}.......###...... #........#.....%..}................. #................}.}......#.%%%..... #....#...........}...}}...##......... #................}.....}}............ #...............#}........}}}...###... #...............}............}........ amy the Reconnoiteress Experience level: 11 Strength: 18/06 Dexterity: 16 Constitution: 17 Intelligence: 14 Wisdom: 12 Charisma: 7 Health: 0(94) Energy: 41(41) Def: 17 Gold: 9416 Moves: 23345 Dungeon seed: 6mEpZ9tfMzzxvi_v Game ID: amy_1469759299 Your Inventory: Coins $ - 9416 gold pieces Weapons c - 41 uncursed +2 arrows (in quiver) m - 11 uncursed poisoned +0 orcish arrows p - an uncursed +1 dagger r - 6 uncursed +0 arrows s - an uncursed +3 bow named ok (weapon in hand) D - 5 uncursed +1 elven arrows J - 104 uncursed +0 arrows T - 22 uncursed +0 elven arrows W - 4 uncursed rusty +0 arrows Armor n - an uncursed +0 pair of iron shoes (being worn) q - an uncursed thoroughly rusty +5 dwarvish iron helm (being worn) t - a cursed +0 elven mithril-coat named ok (being worn) z - an uncursed +0 pair of leather gloves (being worn) B - an uncursed rotted +4 dwarvish cloak (being worn) Comestibles a - an uncursed carrot d - 2 uncursed fortune cookies f - an uncursed tripe ration l - an uncursed apple o - an uncursed sprig of wolfsbane x - 2 uncursed lizard corpses M - an uncursed K-ration O - 6 uncursed food rations Q - an uncursed pancake R - an uncursed eucalyptus leaf U - an uncursed clove of garlic Scrolls X - an uncursed scroll of punishment Rings j - an uncursed ring of teleport control (on right hand) u - an uncursed ring of polymorph control (on left hand) Wands e - an uncursed wand of digging (0:8) g - an uncursed wand of slow monster (0:3) v - an uncursed wand of sleep (0:4) y - an uncursed wand of magic missile (0:5) A - an uncursed wand of teleportation (0:4) C - an uncursed wand of digging (0:2) E - an uncursed wand of undead turning (0:3) F - an uncursed wand of striking (0:2) G - an uncursed wand of probing (0:6) H - an uncursed wand of speed monster (0:4) I - an uncursed wand of striking (0:5) L - an uncursed wand of make invisible (0:1) P - an uncursed wand of slow monster (0:3) V - an uncursed wand of striking (0:5) Tools b - an uncursed bag of holding i - an uncursed oil lamp (0:0) k - an uncursed skeleton key w - an uncursed magic whistle K - an uncursed magic marker (0:82) N - an uncursed +0 unicorn horn Gems Y - an uncursed luckstone named ok Contents of the bag of holding: an uncursed amulet of ESP 33 cursed +0 arrows 4 cursed poisoned +0 orcish arrows a cursed eucalyptus leaf 2 cursed fortune cookies a cursed lizard corpse a cursed pancake 2 blessed scrolls of blank paper 2 cursed scrolls of blank paper an uncursed scroll of destroy armor an uncursed scroll of enchant armor an uncursed scroll of fire an uncursed scroll of food detection a cursed scroll of food detection a blessed scroll of genocide 3 uncursed scrolls of remove curse a cursed scroll of remove curse an uncursed scroll of scare monster 2 blessed scrolls of teleportation 3 uncursed scrolls of teleportation a cursed scroll of teleportation an uncursed potion of acid an uncursed potion of blindness a cursed potion of booze an uncursed potion of confusion an uncursed potion of enlightenment a blessed potion of fruit juice a cursed potion of gain ability a blessed potion of hallucination an uncursed potion of hallucination a cursed potion of hallucination a blessed potion of healing 3 uncursed potions of healing a cursed potion of healing 2 potions of holy water a blessed potion of invisibility a cursed potion of invisibility a blessed potion of monster detection a blessed potion of object detection an uncursed potion of object detection a cursed potion of object detection an uncursed potion of oil a blessed potion of paralysis an uncursed potion of paralysis a cursed potion of paralysis an uncursed potion of sickness a blessed potion of speed an uncursed ring of cold resistance an uncursed ring of conflict an uncursed ring of slow digestion an uncursed ring of sustain ability 11 uncursed tallow candles (0:200) 5 uncursed wax candles (0:400) Spells and supernatural/magical abilities: Name Level Category Fail Memory W - pray for help -- divine ? -- Your skills at the end: Miscellaneous Skills wands [Basic] Weapon Skills dagger [Basic] bow [Expert] Spellcasting Skills Final Attributes: You were fervently aligned. You were fire resistant. You were poison resistant. You were telepathic. You had automatic searching. You were stealthy. You could teleport. You had teleport control. You had polymorph control. You were fast. You were unlucky. You had extra luck. Bad luck did not time out for you. Good luck did not time out for you. Venus was angry with you. You are dead. Vanquished creatures: a lurker above 2 ghosts an ettin 3 giant mimics a fire giant a flesh golem 2 large mimics 2 long worms 2 stalkers 2 xorns 3 elf-lords 3 wargs a winter wolf a small mimic a glass piercer an ettin mummy a quantum mechanic a large dog a freezing sphere 2 flaming spheres a shocking sphere a dwarf king 2 tengu 3 gelatinous cubes a mountain centaur a giant 2 human mummies a python a cobra 2 wraiths a leather golem 4 soldiers 2 giant beetles 2 cockatrices 6 wolves a panther 5 leprechauns 4 lizards 3 orc-captains a mumak 2 giant spiders 3 scorpions 3 iron piercers a horse an ice vortex a black light a vampire bat 7 forest centaurs a gnome king a dwarf mummy 6 ogres 2 brown puddings a rust monster an owlbear a yeti 3 gold golems a werewolf 4 Green-elves 7 hunters 5 chickatrices 4 dingos 2 jaguars 4 dwarf lords a blue jelly a water nymph 4 white unicorns a black unicorn 2 dust vortices 2 ravens 7 plains centaurs 2 gnome mummies a snake an ape 4 human zombies a rope golem 6 Woodland-elves 6 soldier ants a fire ant 22 bugbears an imp a wood nymph 13 Mordor orcs 12 Uruk-hai 2 orc shamans 3 rock moles 6 rock piercers 2 fog clouds 6 yellow lights 11 gnome lords 12 gnomish wizards 2 kobold mummies 2 red naga hatchlings a golden naga hatchling a guardian naga hatchling 2 gray oozes 4 elf zombies 2 ghouls 3 straw golems 16 giant ants a little dog 3 floating eyes 2 kittens 13 dwarves a homunculus 5 kobold lords 5 kobold shamans 5 iguanas 24 hill orcs 5 rothes 3 rabid rats a centipede 2 giant bats 2 monkeys 2 orc zombies 2 dwarf zombies 2 wererats 4 werejackals 15 killer bees 4 coyotes 3 gas spores 7 hobbits 7 acid blobs 6 large kobolds 12 geckos 26 hobgoblins 8 giant rats 12 cave spiders 3 brown molds 3 yellow molds 3 green molds 3 red molds 28 gnomes 22 manes 9 jackals 5 foxes 5 kobolds 13 newts 8 goblins 6 sewer rats 10 grid bugs 2 bats 6 lichens 5 kobold zombies 615 creatures vanquished. Voluntary challenges: You used a wielded weapon 204 times, starting on turn 231. You read items or engraved 43 times, starting on turn 992. You never genocided any monsters. You never polymorphed an object. You changed form 1 time, starting on turn 10940. You cheated 1 time but completed Sokoban on turn 8341. You used no wishes. You never split a pudding. You wrote Elbereth's name 7 times, starting on turn 1085. You violated your moral code, losing 9 points of alignment, starting on turn 8331. Dungeon overview: The Dungeons of Doom: levels 1 to 22 Level 1 a sink a long staircase Level 2 stairs to The Gnomish Mines Level 3 some fountains Level 4 a general store Level 5 a fountain Level 6 many fountains Level 7 a fountain stairs to Sokoban Level 8 Level 9 a fountain Level 10 some fountains, a sink Level 11 a fountain Level 12 (chest with goodies include $) portal to The Quest Level 13 a general store, a sink Level 14 Level 15 a fountain Level 16 Level 17 a fountain Level 18 a temple to Mercury Level 19 a general store, some fountains Level 20 Level 21 (ADCGB) an altar to Mars Level 22 a fountain, a sink The Gnomish Mines: levels 3 to 6 Level 3 stairs to The Dungeons of Doom Level 4 Level 5 many shops, a temple to Mercury, a magic chest, some fountains Level 6 The Quest: Level 1 <- You were here many trees portal to The Dungeons of Doom Sokoban: levels 3 to 6 Level 3 a magic chest Level 4 a sink Level 5 a fountain Level 6 a magic chest stairs to The Dungeons of Doom History has recorded: On T:1 you entered the Dungeons of Doom to retrieve the Amulet of Yendor! On T:301 you reached level 2 of The Dungeons of Doom. On T:626 you reached level 1 of The Gnomish Mines. On T:632 you advanced to experience level 2. On T:640 you advanced to experience level 3. On T:693 you reached level 2 of The Gnomish Mines. On T:748 you advanced to experience level 4. On T:828 you reached level 3 of The Gnomish Mines. On T:938 you opened a magic chest. On T:978 you entered the Minetown temple On T:981 you advanced to experience level 5. On T:1003 you opened a magic chest. On T:1003 you opened a magic chest. On T:1184 you advanced to experience level 6. On T:2014 you reached level 3 of The Dungeons of Doom. On T:2392 you reached level 4 of The Dungeons of Doom. On T:2679 you advanced to experience level 7. On T:2785 you reached level 5 of The Dungeons of Doom. On T:3102 you reached level 6 of The Dungeons of Doom. On T:3470 you received advice from The Oracle. On T:3470 you advanced to experience level 8. On T:3537 you reached level 7 of The Dungeons of Doom. On T:3998 you reached level 4 of Sokoban. On T:4110 you opened a magic chest. On T:4170 you opened a magic chest. On T:4232 you opened a magic chest. On T:4278 you opened a magic chest. On T:4466 you opened a magic chest. On T:4950 you reached level 3 of Sokoban. On T:5719 you reached level 2 of Sokoban. On T:5817 you opened a magic chest. On T:5817 you opened a magic chest. On T:6479 you opened a magic chest. On T:6751 you reached level 1 of Sokoban. On T:7807 you opened a magic chest. On T:7808 you opened a magic chest. On T:8341 you entered the Sokoban zoo. On T:8357 you advanced to experience level 9. On T:8408 you opened a magic chest. On T:8457 you opened a magic chest. On T:8556 you opened a magic chest. On T:8556 you opened a magic chest. On T:8866 you opened a magic chest. On T:8867 you opened a magic chest. On T:8868 you opened a magic chest. On T:8933 you reached level 8 of The Dungeons of Doom. On T:9715 you opened a magic chest. On T:9753 you opened a magic chest. On T:12582 you reached level 4 of The Gnomish Mines. On T:13791 you reached level 9 of The Dungeons of Doom. On T:14260 you reached level 10 of The Dungeons of Doom. On T:14617 you reached level 11 of The Dungeons of Doom. On T:14758 you advanced to experience level 10. On T:14878 you reached level 12 of The Dungeons of Doom. On T:15466 you reached level 13 of The Dungeons of Doom. On T:15959 you reached level 14 of The Dungeons of Doom. On T:16492 you reached level 15 of The Dungeons of Doom. On T:16737 you reached level 16 of The Dungeons of Doom. On T:16975 you reached level 17 of The Dungeons of Doom. On T:17244 you reached level 18 of The Dungeons of Doom. On T:17455 you reached level 19 of The Dungeons of Doom. On T:19752 you reached level 21 of The Dungeons of Doom. On T:19814 you reached level 20 of The Dungeons of Doom. On T:20409 you advanced to experience level 11. On T:21491 you reached level 22 of The Dungeons of Doom. On T:23184 you reached level 1 of The Quest. Score breakdown: Gold: 9416 ( 941 points) Experience: 11 levels ( 1000 points) Exploration: 22 levels ( 630 points) Discoveries: 37 items ( 1850 points) Variety of kills: 143 monsters ( 2000 points) Major goal: finished Sokoban ( 1000 points) Survival: died (score multiplied by 3) Total score: 22263 Latest messages: You kill the scorpion! You see here 4 uncursed +2 arrows. The arrow hits the forest centaur! The arrow hits the forest centaur! The forest centaur swings his bow. The forest centaur hits! The forest centaur punches you! The forest centaur kicks! You shoot 3 arrows. The 1st arrow hits the forest centaur! The 2nd arrow hits the forest centaur! The 3rd arrow hits the forest centaur! The forest centaur reads a scroll of create monster! You shoot 3 arrows. The 1st arrow hits something! You kill the forest centaur! The scorpion claws you! The scorpion just misses! The scorpion misses. The scorpion claws you! The scorpion misses. The scorpion stings! You die... Final status: Goodbye amy the Ranger, killed by a scorpion... You died in The Quest on dungeon level 1 with 22263 points, and 9416 pieces of gold, after 23345 moves. You were level 11 with a maximum of 94 hit points when you died.